 Dungeon Crawl Stone Soup version 0.26.0-16-gc1dbca0489 (webtiles) character file.

Game seed: 16869322790882047017

1401 SnakkuSnakku7 the Cleaver (level 8, -13/63 HPs)
             Began as a Yellow Draconian Delver on Jan 21, 2021.
             Killed by a stone arrow (27 damage)
             ... invoked by the wrath of Vehumet
             ... on level 6 of the Dungeon.
             The game lasted 00:09:19 (6425 turns).

SnakkuSnakku7 the Cleaver (Yellow Draconian Delver) Turns: 6425, Time: 00:09:19

Health: -13/63     AC:  9    Str: 15    XL:     8   Next: 41%
Magic:  8/8        EV: 12    Int: 10    God:
Gold:   286        SH:  0    Dex: 15    Spells: 7/7 levels left

rFire    . . .     SeeInvis .   a - +0 war axe (vorpal)
rCold    . . .     Faith    .   (no shield)
rNeg     . . .     Spirit   .   (armour unavailable)
rPois    .         Reflect  .   (helmet restricted)
rElec    .         Harm     .   h - +0 cloak
rCorr    +         Rampage  .   w - +0 pair of gloves
Will     .....                  y - +0 pair of boots
Stlth    +++.......             (no amulet)
HPRegen  0.20/turn              (no ring)
MPRegen  0.11/turn              (no ring)

@: no status effects
A: spit acid, unfitting armour, cold-blooded, acid resistance, AC +6
a: Breathe Acid


You were on level 6 of the Dungeon.
You visited 1 branch of the dungeon, and saw 6 of its levels.
You also visited: Ossuary.

You collected 286 gold pieces.

Inventory:

Hand Weapons
 a - a +0 vorpal war axe (weapon)
 i - a +0 mace
Missiles
 u - 7 poisoned darts (quivered)
Armour
 h - a +0 cloak (worn)
 w - a +0 pair of gloves (worn)
 y - a +0 pair of boots (worn)
Wands
 f - a wand of digging (11)
Scrolls
 b - 3 scrolls of fog
 c - 3 scrolls of magic mapping
 d - a scroll of fear
 g - 6 scrolls of remove curse
 j - a scroll of enchant armour
 k - 4 scrolls of teleportation {unknown}
 t - a scroll of enchant weapon
 z - a scroll of amnesia {unknown}
Potions
 e - a potion of haste
 l - a potion of curing
 m - a potion of flight
 n - a potion of mutation
 o - a potion of might
 p - 3 potions of cancellation
 q - a potion of magic
 s - a potion of berserk rage
 v - a potion of invisibility


   Skills:
 - Level 3.2 Fighting
 + Level 9.8(10.1) Axes
 - Level 3.6(7.3) Maces & Flails
 - Level 1.7 Dodging
 - Level 4.5 Stealth


You had 7 spell levels left.
You didn't know any spells.
Your spell library contained the following spells:

 Spells                   Type           Power        Failure   Level
 Beastly Appendage        Tmut           0%           36%         1
 Magic Dart               Conj           0%           36%         1
 Blink                    Tloc           N/A          50%         2
 Call Imp                 Summ           0%           50%         2
 Slow                     Hex            0%           50%         2
 Wereblood                Tmut           0%           50%         2
 Conjure Flame            Conj/Fire      0%           75%         3
 Mephitic Cloud           Conj/Pois/Air  0%           75%         3
 Spider Form              Tmut/Pois      0%           75%         3
 Ice Form                 Ice/Tmut       0%           98%         4
 Blade Hands              Tmut           0%           100%        5


Dungeon Overview and Level Annotations

Branches:
Dungeon (6/15)            Ossuary (visited)
 Temple: D:4-7

Altars:
Cheibriados
Fedhas
Hepliaklqana
Vehumet

Shops:
D:5 =

Annotations:
D:4 3 runed translucent doors, dredge's ghost, amateur DsBe


Innate Abilities, Weirdness & Mutations

You can spit globs of acid.
Your golden yellow scales are hard. (AC +6)
You cannot fit into any form of body armour.
You are cold-blooded and may be slowed by cold attacks.
You are resistant to acid. (rCorr)


Message History

The worker ant bites you!
You completely miss the worker ant.
The worker ant is heavily wounded.
The worker ant bites you but does no damage.
You hit the worker ant but do no damage.
The worker ant is heavily wounded.
The worker ant bites you.
You are poisoned.
The worker ant poisons you!
You hit the worker ant.
You kill the worker ant!
You feel sick.
You feel sick.
You feel sick.
You start resting.
You feel sick. x9
You are no longer poisoned.
You start resting.
Vehumet rains destruction down upon you!
The stone arrow hits you!!
You die...

+..#.....# #..#.....#
#..#.....# #..'.....# ####
#..#....)##########.
...########..#####)...........
...#.........#..>+............
...#.........#...#....).......
.#'#####'###.###@#............
##.###....##.###.####'#######+
#.............#...............
#.............+.......).......
###'#############..###....####
......# #+## #....# ......#
#.$.... ......# #.......
......# #........


You could see the wrath of Vehumet (unaware).

Vanquished Creatures
  Menkaure (D:4)
  An orc warrior (D:6)
  3 elf zombies (Ossuary)
  A howler monkey (D:4)
  2 jellies (D:5)
  5 centaur zombies (Ossuary)
  An orc priest (D:4)
  4 human zombies (Ossuary)
  A hound (D:6)
  Ijyb (D:3)
  A bullfrog skeleton (D:5)
  Terence (D:2)
  5 orc wizards
  2 iguanas
  A statue (D:4)
  3 worker ants
  3 mummies (Ossuary)
  5 adders
  2 white imps (D:5)
  An ooze (D:2)
  2 adder skeletons
  2 worms (D:2)
  2 dart slugs
  2 leopard geckos (D:5)
  12 orcs
  A ball python (D:3)
  10 bats
  4 giant cockroaches
  2 goblins (D:3)
  6 hobgoblins
  5 jackals
  7 kobolds
  2 quokkas
  5 frilled lizards
  A goblin zombie (D:4)
  A leopard gecko skeleton (D:4)
  A quokka zombie (D:4)
  5 rats
114 creatures vanquished.

Vanquished Creatures (others)
  2 fungi (D:4)
  9 plants
11 creatures vanquished.

Grand Total: 125 creatures vanquished

Notes
Turn   | Place    | Note
-------+----------+-------------------------------------------
     0 | D:5      | SnakkuSnakku7 the Draconian Delver began the quest for the
                  | Orb.
     0 | D:5      | Reached XP level 1. HP: 19/19 MP: 1/1
     8 | D:5      | Found Vimigh's Jewellery Shoppe.
    52 | D:5      | Reached XP level 2. HP: 14/26 MP: 2/2
   192 | D:5      | Reached XP level 3. HP: 30/31 MP: 3/3
   332 | D:4      | Reached skill level 1 in Axes
   423 | D:4      | Noticed an ogre
   499 | D:4      | Found a sand-covered staircase.
   516 | Ossuary  | Entered an ossuary
   842 | Ossuary  | Reached skill level 2 in Axes
   842 | Ossuary  | Reached XP level 4. HP: 27/38 MP: 4/4
   849 | Ossuary  | Reached skill level 3 in Axes
   855 | Ossuary  | Reached skill level 4 in Axes
   855 | Ossuary  | Reached XP level 5. HP: 13/45 MP: 5/5
  1464 | Ossuary  | Reached skill level 5 in Axes
  1464 | Ossuary  | Reached XP level 6. HP: 25/51 MP: 6/6
  1668 | Ossuary  | Reached skill level 6 in Axes
  1912 | Ossuary  | Your scales start taking on a golden yellow colour.
  1912 | Ossuary  | Reached XP level 7. HP: 49/57 MP: 7/7
  1912 | Ossuary  | Gained mutation: You are resistant to acid. (rCorr) [Yellow
                  | Draconian growth]
  2268 | D:3      | Reached skill level 7 in Axes
  3150 | D:2      | Noticed Terence
  3157 | D:2      | Killed Terence
  3964 | D:3      | Noticed Ijyb
  3976 | D:3      | Killed Ijyb
  3994 | D:3      | Found a blossoming altar of Fedhas.
  4286 | D:4      | Found a radiant altar of Vehumet.
  4344 | D:4      | Became a worshipper of Vehumet
  4345 | D:4      | Fell from the grace of Vehumet
  4360 | D:4      | Noticed Menkaure
  4377 | D:4      | Killed Menkaure
  4378 | D:4      | Reached skill level 8 in Axes
  4430 | D:4      | Found a runed translucent gate.
  4430 | D:4      | Found a runed translucent gate.
  4430 | D:4      | Found a runed translucent gate.
  4430 | D:4      | Identified the +9 short sword of Attainder {venom, +Blink
                  | +Rage}
  4431 | D:4      | Noticed dredge's ghost (amateur DsBe)
  5164 | D:4      | Reached XP level 8. HP: 42/63 MP: 8/8
  5736 | D:5      | Reached skill level 9 in Axes
  5893 | D:5      | Found a hazy altar of Hepliaklqana.
  5991 | D:5      | Found a snail-covered altar of Cheibriados.
  6425 | D:6      | Killed by a stone arrow

Illustrated notes

Levels and vault maps discovered:
D:1:      sevenhm_arrival_forest_fort_small_4, layout_basic
D:2:      layout_basic, kennysheep_generic_room_10, uniq_terence
D:3:      layout_basic, serial_forest, infiniplex_forest_clump_long,
          infiniplex_forest_lined_room_, infiniplex_forest_clump_C,
          infiniplex_forest_diagonal, infiniplex_forest_join,
          infiniplex_forest_clump_double, infiniplex_forest_lined_room_3,
          infiniplex_forest_clump_medium, infiniplex_forest_straight_3,
          infiniplex_forest_clump_small, minmay_misc_feat_doors,
          fedhas_altar_fruit_tree, uniq_ijyb
D:4:      layout_gridville, vehumet_statue, enter_ossuary_4,
          gammafunk_ghost_nasty_kobolds, uniq_menkaure
D:5:      layout_gridville, kennysheep_mini, nzn_hepliaklqana_mist_gate,
          serial_shops, nicolae_shop_behind_doors
D:6:      layout_gridville, minmay_misc_feat_hallway,
          hangedman_abyss_or_decor_slice

Skill      XL: |  1  2  3  4  5  6  7  8 |
---------------+-------------------------+-----
Maces & Flails | 3 |  3.6
Axes           | 2 4 5 6 8 9 |  9.8
Fighting       | |  3.2
Dodging        | |  1.7
Stealth        | |  4.5

Action                   |  1- 3 |  4- 6 |  7- 9 || total
-------------------------+-------+-------+-------++-------
Melee: Mace              |     7 |       |       ||     7
       Tailslap          |    11 |    12 |    30 ||    53
       War axe           |    42 |    90 |   231 ||   363
Throw: Dart              |       |       |     1 ||     1
Invok: Renounce Religion |       |       |     1 ||     1
 Abil: Breathe Acid      |       |       |     5 ||     5
  Use: Scroll            |       |     3 |    11 ||    14
       Potion            |       |       |     1 ||     1
 Stab: Sleeping          |     2 |       |    20 ||    22
       Distracted        |       |       |     1 ||     1
Armor: Skin              |    16 |    18 |    77 ||   111
Dodge: Dodged            |    28 |    38 |   128 ||   194
